 Dungeon Crawl Stone Soup version 0.26.1-11-gd32895ea62 (webtiles) character file.

Game seed: 2579706239882274090

26170 raph the Earth Mage (level 13, -4/80 HPs)
             Began as a Gargoyle Earth Elementalist on June 12, 2021.
             Was a High Priest of Ashenzari.
             Slain by a boulder beetle (14 damage)
             ... on level 4 of the Lair of Beasts.
             The game lasted 00:41:26 (19096 turns).

raph the Earth Mage (Gargoyle Earth Elementalist)  Turns: 19096, Time: 00:41:27

Health: -4/80      AC: 20    Str: 25    XL:     13   Next: 24%
Magic:  18/19      EV: 14    Int: 26    God:    Ashenzari [*****.]
Gold:   367        SH:  0    Dex: 11    Spells: 3/20 levels left

rFire    + . .     SeeInvis +   a - +6 shillelagh "Devastator" {shatter} (curse)
rCold    + . .     Faith    .   (no shield)
rNeg     + + .     Spirit   .   C - +1 leather armour {rN+} (curse)
rPois    ∞         Reflect  .   I - +0 hat of Wariness {*Drain rF+ rC+ Int+7}
rElec    +         Harm     .   p - +1 cloak (curse)
rCorr    .         Rampage  .   u - +1 pair of gloves (curse)
Will     .....     Clarity  +   l - +1 pair of boots (curse)
Stlth    +++.......             D - amulet of magic regeneration
HPRegen  0.23/turn              x - +6 ring of strength (curse)
MPRegen  0.41/turn              G - +6 ring of strength (curse)

@: no status effects
A: negative energy resistance 1, electricity resistance, unbreathing,
petrification resistance, miasma immunity, AC +9
a: Renounce Religion, Curse Item, Scrying, Transfer Knowledge


You were on level 4 of the Lair of Beasts.
You worshipped Ashenzari.
Ashenzari was extremely pleased with you.
You visited 3 branches of the dungeon, and saw 13 of its levels.

You collected 1701 gold pieces.
You spent 1334 gold pieces at shops.

Inventory:

Hand Weapons
 a - the cursed +6 shillelagh "Devastator" (weapon) {shatter}
   (You found it on level 8 of the Dungeon)

   It has a curse placed upon it.
 d - a +0 short sword
 m - a +1 morningstar
 r - a +0 whip of venom
Missiles
 b - 158 stones
Armour
 c - a +0 robe
 l - a cursed +1 pair of boots (worn)
 n - a scarf of repulsion
 p - a cursed +1 cloak (worn)
 u - a cursed +1 pair of gloves (worn)
 B - a +1 helmet
 C - a cursed +1 leather armour of positive energy (worn)
 I - the +0 hat of Wariness (worn) {*Drain rF+ rC+ Int+7}
   (You found it on level 8 of the Dungeon)

   It affects your intelligence (+7).
   It protects you from fire.
   It protects you from cold.
   It causes draining when unequipped.
 P - the +0 cloak "Gijo Epopn" {+Blink Will- Int+4 Slay+5}
   (You found it on level 2 of the Lair of Beasts)

   It affects your intelligence (+4).
   It affects your accuracy and damage with ranged weapons and melee attacks
   (+5).
   It affects your willpower, your defense against some magical effects.
   It lets you blink.
 S - the +3 leather armour "Cuptar" {rF+ rC- Dex+3 Stlth+}
   (You found it on level 4 of the Lair of Beasts)

   It affects your dexterity (+3).
   It protects you from fire.
   It makes you vulnerable to cold.
   It makes you more stealthy.
Jewellery
 h - an uncursed ring of see invisible
 x - a cursed +6 ring of strength (left hand)
 D - an amulet of magic regeneration (around neck)
 G - a cursed +6 ring of strength (right hand)
 M - an uncursed ring of fire
 T - a +4 ring of protection
Wands
 w - a wand of digging (5)
 y - a wand of random effects (18)
 A - a wand of flame (10)
 K - a wand of enslavement (14)
 N - a wand of paralysis (10)
Scrolls
 E - a scroll of remove curse
 H - 4 scrolls of teleportation
 O - 3 scrolls of amnesia
 Q - 2 scrolls of identify
 R - a scroll of enchant armour
Potions
 e - 3 potions of attraction
 f - 2 potions of flight
 g - a potion of invisibility
 i - a potion of magic
 j - 2 potions of haste
 k - a potion of berserk rage
 o - a potion of might
 q - 2 potions of brilliance
 s - a potion of cancellation {unknown}
 t - 4 potions of heal wounds {unknown}
 v - a potion of mutation {unknown}
 z - a potion of ambrosia {unknown}
 F - a potion of resistance {unknown}
 J - 8 potions of curing
 L - a potion of lignification {unknown}


   Skills:
 * Level 8.9 Fighting
 - Level 10.8(14.5) Maces & Flails
 + Level 4.2 Armour
 + Level 3.7(6.1) Dodging
 + Level 5.4(8.1) Stealth
 + Level 4.2 Spellcasting
 + Level 7.0(9.7) Necromancy
 - Level 0.7(2.0) Transmutations
 * Level 15.1(17.3) Earth Magic


You had 3 spell levels left.
You knew the following spells:

 Your Spells              Type           Power        Failure   Level
a - Sandblast             Erth           100%         0%          1
b - Passwall              Tmut/Erth      45%          1%          2
c - Stone Arrow           Conj/Erth      100%         1%          3
d - Lee's Rapid Deconstr  Erth           38%          1%          5
e - Animate Skeleton      Necr           100%         1%          1
f - Borgnjor's Vile Clut  Necr/Erth      33%          1%          5

Your spell library contained the following spells:

 Spells                   Type           Power        Failure   Level
 Pain                     Necr           100%         1%          1
 Vampiric Draining        Necr           27%          1%          3
 Corona                   Hex            7%           8%          1
 Ensorcelled Hibernation  Hex/Ice        14%          12%         2
 Slow                     Hex            7%           12%         2
 Confusing Touch          Hex            7%           24%         3
 Dazzling Flash           Conj/Hex       14%          24%         3
 Inner Flame              Hex/Fire       7%           24%         3
 Portal Projectile        Hex/Tloc       14%          24%         3
 Tukima's Dance           Hex            7%           24%         3
 Animate Dead             Necr           27%          1%          4
 Petrify                  Tmut/Erth      54%          1%          4
 Leda's Liquefaction      Hex/Erth       25%          2%          4
 Agony                    Necr           54%          4%          5
 Cause Fear               Hex            3%           61%         4
 Silence                  Hex/Air        3%           91%         5
 Shadow Creatures         Summ           N/A          100%        6


Dungeon Overview and Level Annotations

Branches:
Dungeon (8/15)             Temple (1/1) D:4            Lair (4/6) D:8
  Swamp (0/4) Lair:3       Spider (0/4) Lair:3

Altars:
Ashenzari
Cheibriados
Dithmenos
Elyvilon
Fedhas
Gozag
Hepliaklqana
Kikubaaqudgha
Makhleb
Nemelex Xobeh
Okawaru
Qazlal
Ru
Sif Muna
Trog
Uskayaw
Vehumet
Wu Jian
Xom
Yredelemnul
Zin
The Shining One

Shops:
D:4 [   D:6 [:!*[   D:7 *

Annotations:
D:8 3 runed translucent doors, 1 exclusion, Jaiteiro's ghost, journeyman FoFi; T2blue's ghost, novice HOHu; YannSP's ghost, novice GnWn; shitwizard's ghost, novice DsCK; sixsigma's ghost, novice GnCj
Lair:4 Snorg


Innate Abilities, Weirdness & Mutations

You are resistant to torment.
Your stone body is resilient. (AC +9)
You are immune to poison.
You resist negative energy. (rN+)
You are resistant to electric shocks. (rElec)
You can survive without breathing.
You are immune to petrification.
You are immune to miasma.


Message History

Aim: a boulder beetle (almost dead, 0% to evade)
The blast of sand hits the boulder beetle but does no damage.
The boulder beetle is almost dead.
A polar bear comes into view.
Aiming: Throw Flame
Press: ? - help, Shift-Dir - straight line, p - boulder beetle The puff of flame hits the boulder beetle.
The boulder beetle is almost dead.
The polar bear growls angrily.
The boulder beetle hits you!!
* * * LOW HITPOINT WARNING * * *
The boulder beetle stops rolling and uncurls.
Magic courses through your body. The boulder beetle barely misses you.
Aiming: Sandblast (safe; 0% risk of failure)
Press: ? - help, Q - select action, (/) - cycle Shift-Dir - straight line, f - polar bear
Aim: a polar bear (12% to evade)
The blast of sand hits the boulder beetle.
The boulder beetle is almost dead.
The boulder beetle bites you!
You die...

≈≈≈,,,......≈≈≈#.♣ ♣.#...#.#
≈≈{,.≈,#.≈...≈≈#.♣♣♣.#.....##
♣♣..≈≈*,#S≈..♣♣♣.....#...#..##
...≈≈≈*,#≈≈≈......♣..#.###...# #
**,,≈≈*,#≈≈..♣♣♣.....#).###[.####
{≈,,,≈,#.≈...≈≈#†♣♣♣.#.####......
≈≈≈,,,......≈≈≈#h♣ ♣.#†##........
≈≈≈{,,.....≈≈≈{#B♣ ♣.#.........##
≈≈≈≈≈,....≈≈≈≈≈#@♣ ♣.#......⌠..'.
≈≈≈≈≈≈♣.♣≈≈≈≈≈≈#.♣♣♣†#.........#.
*≈≈≈≈≈♣.♣≈≈≈≈≈*#.....#.....#####.
*******,*******##♣.♣##.#...#...#.
***,,,,,*** ♣♣.♣♣#.....#...'.
***,,,,,,,,,***#♣...♣#..#..#...#.
,,,,,,,≈,,,,,,,#.....#..##.######
***,,,,,,,,,***#♣...♣#.###.......
***,,,,,*** ♣♣.♣♣#..#######.#


You could see a boulder beetle and a polar bear.

Vanquished Creatures
  2 hydras (Lair:4)
  A boulder beetle (D:8)
  Harold (D:7)
  Urug (Lair:4)
  A necromancer (Lair:4)
  A will-o-the-wisp (Lair:3)
  A black mamba (Lair:4)
  8 cane toads
  A rime drake (Lair:3)
  13 komodo dragons
  5 jumping spiders (Lair:3)
  8 polar bears
  17 blink frogs
  3 spriggans (Lair:1)
  5 redbacks
  4 wyverns
  4 basilisks
  15 yaks
  11 water moccasins
  Duvessa (D:5)
  2 orc warriors (D:7)
  A swamp drake (Lair:2)
  An ice beast (D:8)
  2 sky beasts
  A necrophage (D:5)
  3 phantoms
  8 black bears (Lair:3)
  3 ogres
  4 wolves (Lair:4)
  3 centaurs
  4 bullfrogs
  Dowan (D:5)
  3 scorpions
  A wyvern skeleton (D:8)
  3 wights (D:8)
  A howler monkey (D:4)
  A bullfrog zombie (D:6)
  7 orc priests
  2 orc wizards
  A bullfrog skeleton (D:6)
  A centaur skeleton (D:7)
  2 hounds
  7 worker ants
  13 iguanas
  6 hell rats (Lair:3)
  4 polar bear simulacra (Lair:4)
  3 yak simulacra (Lair:4)
  A wolf simulacrum (Lair:4)
  A hound zombie (D:7)
  8 adders
  4 gnolls (D:3)
  A howler monkey skeleton (D:6)
  4 shadow imps
  2 adder skeletons
  4 worms
  4 dart slugs
  12 leopard geckos
  22 orcs
  12 bats
  9 giant cockroaches
  4 goblins
  5 hobgoblins
  16 jackals
  A ball python skeleton (D:5)
  7 frilled lizards
  4 kobolds
  12 rats
  3 river rat simulacra (Lair:4)
327 creatures vanquished.

Vanquished Creatures (collateral kills)
  An iguana (Lair:2)
  A leopard gecko (Lair:2)
2 creatures vanquished.

Vanquished Creatures (others)
  2 bushes (Lair:3)
  33 fungi
  107 plants
142 creatures vanquished.

Grand Total: 471 creatures vanquished

Notes
Turn   | Place    | Note
-------+----------+-------------------------------------------
     0 | D:1      | raph the Gargoyle Earth Elementalist began the quest for
                  | the Orb.
     0 | D:1      | Reached XP level 1. HP: 10/10 MP: 3/3
   200 | D:1      | Reached skill level 4 in Earth Magic
   201 | D:1      | Reached XP level 2. HP: 15/15 MP: 1/5
  1250 | D:1      | Reached XP level 3. HP: 18/19 MP: 6/6
  1251 | D:1      | Reached skill level 5 in Earth Magic
  1258 | D:1      | Learned a level 2 spell: Passwall
  1262 | D:1      | Learned a level 3 spell: Stone Arrow
  2276 | D:2      | Reached XP level 4. HP: 24/24 MP: 7/7
  2557 | D:2      | Reached skill level 6 in Earth Magic
  3183 | D:3      | Reached XP level 5. HP: 28/28 MP: 1/8
  3327 | D:3      | Reached skill level 7 in Earth Magic
  3657 | D:3      | Reached skill level 8 in Earth Magic
  3657 | D:3      | Reached XP level 6. HP: 32/32 MP: 4/9
  3959 | D:3      | Found a faded altar of an unknown god.
  4206 | D:4      | Found Ciledane's Antique Armour Boutique.
  4222 | D:4      | Bought a pair of gloves for 108 gold pieces
  4741 | D:4      | Found a staircase to the Ecumenical Temple.
  4755 | Temple   | Entered the Ecumenical Temple
  5036 | Temple   | Became a worshipper of Ashenzari the Shackled
  5101 | D:4      | Reached skill level 9 in Earth Magic
  5232 | D:4      | Noticed a phantom
  5242 | D:4      | Killed a phantom
  5243 | D:4      | Reached XP level 7. HP: 36/36 MP: 2/10
  5737 | D:5      | Entered Level 5 of the Dungeon
  5787 | D:5      | Reached skill level 10 in Earth Magic
  6010 | D:5      | Found a blossoming altar of Fedhas.
  6034 | D:5      | Noticed Duvessa
  6034 | D:5      | Noticed Dowan
  6101 | D:5      | Killed Duvessa
  6102 | D:5      | Reached skill level 11 in Earth Magic
  6102 | D:5      | Reached XP level 8. HP: 32/41 MP: 2/11
  6313 | D:5      | Learned a level 5 spell: Lee's Rapid Deconstruction
  6484 | D:5      | Reached skill level 12 in Earth Magic
  6912 | D:5      | Killed Dowan
  7225 | D:4      | Bought a dyed leather armour for 120 gold pieces
  7377 | D:6      | Found Ladodarch's Distillery.
  7383 | D:6      | Bought a potion of degeneration for 11 gold pieces
  7433 | D:6      | Found Estufen's General Store.
  7500 | D:6      | Bought a scroll of remove curse for 45 gold pieces
  7863 | D:6      | Reached skill level 13 in Earth Magic
  7990 | D:6      | Reached * piety under Ashenzari
  8012 | D:6      | Reached XP level 9. HP: 45/45 MP: 2/12
  8157 | D:6      | Found Vuepew's Armour Emporium.
  8226 | D:6      | Found Tiyf's Book Shop.
  8266 | D:6      | Found Qacilac's Armour Emporium.
  8365 | D:6      | Learned a level 1 spell: Animate Skeleton
  9136 | D:7      | Noticed Harold
  9150 | D:7      | Reached skill level 1 in Maces & Flails
  9151 | D:7      | Killed Harold
  9152 | D:7      | Reached skill level 1 in Fighting
  9152 | D:7      | Reached skill level 1 in Armour
  9152 | D:7      | Reached skill level 14 in Earth Magic
  9635 | D:7      | Found Quoreuss's General Store.
  9673 | D:7      | Reached ** piety under Ashenzari
 10045 | D:8      | Found a runed translucent gate.
 10047 | D:8      | Noticed Jaiteiro's ghost (journeyman FoFi)
 10049 | D:8      | Found a runed translucent gate.
 10049 | D:8      | Noticed T2blue's ghost (novice HOHu)
 10049 | D:8      | Noticed YannSP's ghost (novice GnWn)
 10049 | D:8      | Noticed sixsigma's ghost (novice GnCj)
 10049 | D:8      | Noticed shitwizard's ghost (novice DsCK)
 10050 | D:8      | Found a runed translucent gate.
 10085 | D:8      | Found a staircase to the Lair.
 10252 | D:8      | Found a runed translucent door.
 10256 | D:8      | Found the +6 shillelagh "Devastator" {shatter}
 10707 | D:8      | Reached XP level 10. HP: 54/54 MP: 4/14
 10737 | D:8      | Got the uncursed hat of Wariness {*Drain rF+ rC+ Int+7}
 10848 | D:8      | Identified the +0 hat of Wariness {*Drain rF+ rC+ Int+7}
                  | (You found it on level 8 of the Dungeon)
 11412 | D:8      | Noticed a boulder beetle
 11421 | D:8      | Killed a boulder beetle
 11892 | Lair:1   | Entered Level 1 of the Lair of Beasts
 11927 | Lair:1   | Reached skill level 5 in Maces & Flails
 12363 | Lair:1   | Noticed a cane toad
 12617 | Lair:1   | Reached *** piety under Ashenzari
 12912 | Lair:1   | Identified a scroll of acquirement
 12912 | Lair:1   | Acquired 777 gold pieces
 12933 | Lair:1   | Reached XP level 11. HP: 54/60 MP: 4/15
 13625 | Lair:1   | Reached skill level 1 in Necromancy
 14396 | Lair:2   | Identified the +0 cloak "Gijo Epopn" {+Blink Will- Int+4
                  | Slay+5}
 14587 | Lair:2   | Reached **** piety under Ashenzari
 14789 | Lair:2   | Reached skill level 10 in Maces & Flails
 15998 | Lair:3   | Reached skill level 5 in Necromancy
 16041 | Lair:3   | Reached XP level 12. HP: 64/64 MP: 14/16
 16449 | Lair:3   | Found a hole to the Spider Nest.
 16659 | Lair:3   | Reached skill level 5 in Fighting
 17396 | Lair:3   | Found a staircase to the Swamp.
 17949 | D:6      | Bought a book of Dreams for 1050 gold pieces
 17955 | D:6      | Learned a level 5 spell: Borgnjor's Vile Clutch
 18254 | Lair:4   | Noticed a catoblepas
 18256 | Lair:4   | Noticed Snorg
 18555 | Lair:4   | Identified the +3 leather armour "Cuptar" {rF+ rC- Dex+3
                  | Stlth+}
 18628 | Lair:4   | Noticed Urug
 18634 | Lair:4   | Killed Urug
 18637 | Lair:4   | Reached ***** piety under Ashenzari
 18675 | Lair:4   | Noticed a four-headed hydra
 18688 | Lair:4   | Killed a four-headed hydra
 18689 | Lair:4   | Reached XP level 13. HP: 65/79 MP: 6/18
 18754 | Lair:4   | Identified the +3 scale mail "Haaddiq" {rElec rPois rN+
                  | Regen+}
 18771 | Lair:4   | Reached skill level 5 in Stealth
 18773 | Lair:4   | Reached skill level 15 in Earth Magic
 19096 | Lair:4   | Slain by a boulder beetle

Illustrated notes

Levels and vault maps discovered:
D:1:      minmay_arrival_widening_spiral_wide, layout_loops_corners,
          minmay_pentomino_w2
D:2:      layout_basic, grunt_ministairs_12
D:3:      layout_basic, chequers_ecumenical_altar_simple
D:4:      layout_loops_ring, minmay_temple_entry_poolview, serial_shops,
          nicolae_shop_statue_plus
D:5:      layout_loops_ring, nicolae_overflow_crystal_walls, uniq_duvessa
D:6:      layout_gridville, serial_shops, nicolae_shop_crystal,
          kennysheep_little_box, shop, shop, shop
D:7:      layout_basic, serial_shops, shop, uniq_harold
D:8:      gammafunk_indiana_jones, layout_basic, dpeg_oklobed_lair,
          gammafunk_ghost_cemetery
Temple:   roderic_octagonal_lattice_temple
Lair:1:   wad_woods_settlement, layout_chaotic_city,
          grunt_forest_small_clearings
Lair:2:   lemuel_reptile_caves, layout_regular_city
Lair:3:   beast_lair_carwin_large_4, layout_regular_city,
          minmay_swamp_entry_wisps, nicolae_spider_entry_tight_spaces
Lair:4:   nzn_winding_woodlands_large [nzn_winding_woodlands_5x5_closed_star,
          nzn_winding_woodlands_5x15_twine, nzn_winding_woodlands_5x5_open_star,
          nzn_winding_woodlands_center_lodge,
          nzn_winding_woodlands_15x15_eel_pit,
          nzn_winding_woodlands_center_garden, nzn_winding_woodlands_5x5_three,
          nzn_winding_woodlands_5x15_concentric,
          nzn_winding_woodlands_5x5_default], layout_misc_corridors,
          gammafunk_ghost_grave, eino_house_with_fridge, uniq_snorg, uniq_urug

Skill      XL: |  1  2  3  4  5  6  7  8  9 10 11 12 13 |
---------------+----------------------------------------+-----
Earth Magic    | 4 5 6 8 9 11 13 14 15 | 15.1
Maces & Flails | 3 8 10 | 10.8
Fighting       | 2 3 8 |  8.9
Armour         | 2 3 4 |  4.2
Dodging        | 2 3 |  3.7
Stealth        | 3 4 5 |  5.4
Spellcasting   | 3 4 |  4.2
Necromancy     | 5 6 7 |  7.0
Transmutations | |  0.7

Action                   |  1- 3 |  4- 6 |  7- 9 | 10-12 | 13-15 || total
-------------------------+-------+-------+-------+-------+-------++-------
Melee: Short sword       |   124 |    71 |       |       |       ||   195
       Whip              |       |    34 |   219 |     8 |       ||   261
       Shillelagh        |       |       |       |   104 |    18 ||   122
 Cast: Sandblast         |    28 |    51 |    31 |    77 |    13 ||   200
       Stone Arrow       |       |       |    10 |    76 |       ||    86
       Lee's Rapid Decon |       |       |    14 |    70 |    13 ||    97
       Animate Skeleton  |       |       |       |    11 |       ||    11
       Passwall          |       |       |       |     6 |       ||     6
       Borgnjor's Vile C |       |       |       |     4 |     2 ||     6
Invok: Curse Item        |       |     4 |     2 |     1 |       ||     7
Evoke: Wand              |       |       |       |     3 |     1 ||     4
  Use: Scroll            |       |     3 |     8 |    14 |       ||    25
       Potion            |       |       |       |       |     1 ||     1
 Stab: Sleeping          |     1 |     3 |     1 |     3 |       ||     8
Armor: Robe              |    52 |    58 |    36 |       |       ||   146
       Leather armour    |       |       |    94 |   121 |     8 ||   223
Dodge: Dodged            |   118 |   106 |   147 |   147 |    10 ||   528
